 Dungeon Crawl Stone Soup version 0.22-a0-609-gfedc9ff (webtiles) character file.

1267 OnyxDarkfire the Cudgeler (level 8, 0/78 HPs)
             Began as a Troll Berserker on July 10, 2018.
             Was a Believer of Trog.
             Slain by a hound (2 damage)
             ... on level 7 of the Dungeon.
             The game lasted 00:21:30 (4661 turns).

OnyxDarkfire the Cudgeler (Troll Berserker)         Turns: 4661, Time: 00:21:31

Health: 0/78       AC:  5    Str: 27    XL:     8   Next: 28%
Magic:  7/7        EV: 11    Int:  9    God:    Trog [**....]
Gold:   109        SH:  0    Dex:  9    Spells: 7/7 levels left

rFire    . . .     SeeInvis .   p - +0 giant spiked club
rCold    . . .     Gourm    +   (shield currently unavailable)
rNeg     . . .     Faith    .   b - +0 animal skin
rPois    .         Spirit   .   (helmet restricted)
rElec    .         Reflect  .   (no cloak)
rCorr    .         Harm     .   (gloves unavailable)
MR       .....                  (boots unavailable)
Stlth    +.........             (no amulet)
HPRegen  0.63/turn              (no ring)
MPRegen  0.10/turn              (no ring)

@: brilliant, lethally poisoned (0 -> -1), berserk cooldown, slowed, very slow
A: large, unfitting armour, claws 3, fast metabolism 3, gourmand, regeneration
1, shaggy fur 1, tough skin 2
a: Berserk, Trog's Hand, Renounce Religion


You were on level 7 of the Dungeon.
You worshipped Trog.
Trog was pleased with you.
You were not hungry.

You visited 2 branches of the dungeon, and saw 8 of its levels.

You collected 239 gold pieces.
You spent 130 gold pieces at shops.

Inventory:

Hand Weapons
 a - a +0 mace
 p - a +0 giant spiked club (weapon)
Missiles
 d - 100 stones
 w - 4 tomahawks (quivered)
Armour
 b - a +0 animal skin (worn)
Jewellery
 f - a cursed ring of loudness {unknown}
 x - an uncursed ring of fire {unknown}
 y - a +5 ring of strength {unknown}
Wands
 i - a wand of paralysis (9)
 n - a wand of digging (16)
 u - a wand of enslavement (20)
Scrolls
 e - 8 scrolls of identify {unknown}
 h - a scroll of fog {unknown}
 k - 2 scrolls of remove curse {unknown}
 m - 2 scrolls of noise {unknown}
 q - 2 scrolls of amnesia {unknown}
 r - a scroll of immolation {unknown}
 s - a scroll of teleportation {unknown}
 v - 2 scrolls of magic mapping {unknown}
 z - a scroll of vulnerability {unknown}
Potions
 g - a potion of curing
 l - 2 potions of lignification {unknown}
 o - 3 potions of flight {unknown}
 t - 2 potions of haste {unknown}
 A - a potion of mutation {unknown}
Comestibles
 c - 7 rations


   Skills:
 + Level 4.2 Fighting
 + Level 7.0 Maces & Flails
 + Level 2.3 Throwing
 + Level 4.4 Dodging
 + Level 0.8 Stealth


You had 7 spell levels left.
You didn't know any spells.
Your spell library was empty.

Dungeon Overview and Level Annotations

Branches:
Dungeon (7/15)             Temple (1/1) D:6

Altars:
Cheibriados
Dithmenos
Elyvilon
Fedhas
Gozag
Hepliaklqana
Kikubaaqudgha
Makhleb
Nemelex Xobeh
Okawaru
Qazlal
Ru
Sif Muna
Trog
Uskayaw
Vehumet
Wu Jian
Yredelemnul
Zin
The Shining One

Shops:
D:4 }


Innate Abilities, Weirdness & Mutations

You are too large for most types of armour.
You have claws for hands.
Your metabolism is lightning-fast.
You like to eat raw meat.
Your natural rate of healing is unusually fast.
You are covered in fur. (AC +1)
You have very tough skin. (AC +2)


Message History

You feel very sick. The water moccasin bites you!
* * * LOW HITPOINT WARNING * * *
The hound bites you.
* * * LOW HITPOINT WARNING * * *
You feel very sick. The hound bites you but does no damage.
The water moccasin bites you.
* * * LOW HITPOINT WARNING * * *
It was a potion of curing.
You feel better. The hound completely misses you.
The water moccasin barely misses you. The hound misses you.
The water moccasin bites you.
* * * LOW HITPOINT WARNING * * *
You are poisoned.
The water moccasin poisons you! The hound bites you.
* * * LOW HITPOINT WARNING * * *
It was a potion of brilliance.
You feel clever all of a sudden.
* * * LOW HITPOINT WARNING * * *
You feel sick. The water moccasin barely misses you. The hound bites you.
You die...

#.# .##. ...
#.#.#....##.#
#.#.#....##.######
#.#....#>........
#.####.#....#.##....###.
#.......................
######...................
#<.........S.............
######....@h............#
#............#........
####.........#.....###
#.........#..:....
#.......#.#.......#
#.......#.#........
#.......#.#........
#.......#.#.......
#.......#.#


You could see a water moccasin and a hound.

Vanquished Creatures
  A hippogriff (D:7)
  An ice beast (D:5)
  2 phantoms
  2 ogres (D:4)
  A scorpion (D:5)
  2 crimson imps
  A bullfrog zombie (D:5)
  2 hounds (D:6)
  A centaur zombie (D:5)
  A bullfrog skeleton (D:4)
  A centaur skeleton (D:5)
  An orc priest (D:5)
  A jelly (D:6)
  An iguana (D:4)
  2 orc wizards (D:4)
  4 worker ants
  A hound zombie (D:6)
  A worker ant zombie (D:5)
  3 adders
  3 shadow imps
  An ooze (D:1)
  A worm (D:3)
  A leopard gecko (D:4)
  12 orcs
  5 giant cockroaches
  3 goblins
  4 kobolds
  3 quokkas
  A bat (D:2)
  5 frilled lizards
  2 leopard gecko skeletons (D:5)
  5 rats
  A butterfly (D:6)
76 creatures vanquished.

Notes
Turn   | Place    | Note
-------+----------+-------------------------------------------
     0 | D:1      | OnyxDarkfire the Troll Berserker began the quest for the Orb.
     0 | D:1      | Reached XP level 1. HP: 22/22 MP: 0/0
   174 | D:1      | Reached XP level 2. HP: 29/29 MP: 1/1
  1269 | D:3      | Reached skill level 3 in Maces & Flails
  1368 | D:3      | Found an ornate altar of the Wu Jian Council.
  1439 | D:3      | Found a burning altar of Makhleb.
  1465 | D:4      | Noticed an ogre
  1476 | D:4      | Killed an ogre
  1476 | D:4      | Reached XP level 3. HP: 9/37 MP: 2/2
  1476 | D:4      | Reached XP level 4. HP: 11/45 MP: 3/3
  1578 | D:4      | Noticed a phantom
  1661 | D:4      | Killed a phantom
  1661 | D:4      | Reached skill level 4 in Maces & Flails
  1661 | D:4      | Reached skill level 1 in Throwing
  1661 | D:4      | Reached XP level 5. HP: 30/53 MP: 4/4
  1787 | D:4      | Noticed an ogre
  1792 | D:4      | Killed an ogre
  1792 | D:4      | Reached XP level 6. HP: 61/61 MP: 5/5
  2409 | D:4      | Found Zumeyj's Gadget Emporium.
  2414 | D:4      | Bought a wand of enslavement (8) for 130 gold pieces
  2439 | D:4      | Found a blossoming altar of Fedhas.
  2439 | D:4      | Found a glowing silver altar of Zin.
  2440 | D:4      | Found a basalt altar of Yredelemnul.
  2474 | D:5      | Entered Level 5 of the Dungeon
  2689 | D:4      | Reached skill level 5 in Maces & Flails
  3081 | D:5      | Reached XP level 7. HP: 62/68 MP: 6/6
  3229 | D:5      | Reached skill level 6 in Maces & Flails
  3244 | D:5      | Reached ** piety under Trog
  4025 | D:6      | Found a staircase to the Ecumenical Temple.
  4060 | Temple   | Entered the Ecumenical Temple
  4254 | D:6      | Reached XP level 8. HP: 73/78 MP: 7/7
  4373 | D:6      | Found a blossoming altar of Fedhas.
  4579 | D:7      | Noticed a hippogriff
  4595 | D:7      | Killed a hippogriff
  4595 | D:7      | Reached skill level 7 in Maces & Flails
  4660 | D:7      | HP: 3/78 [hound (5)]
  4661 | D:7      | Slain by a hound

Vault maps used:
D:1:      scummos_arrival_checkerplants
D:2:      kennysheep_generic_room_9
D:3:      marbit_many_paths, bloody_makhleb
D:4:      gammafunk_temple_overflow_forgotten, first_ration, serial_shops,
          nicolae_shop_trees, serial_bayou, serial_bayou_lagoon_a,
          serial_bayou_shore_b, serial_bayou_ford_a, serial_bayou_shore_b,
          minmay_stone_trees_small, hangedman_decor_push,
          kennysheep_generic_room_16
D:5:      st_stairs_6, grunt_ministairs_9
D:6:      minmay_temple_entry_butterflies, fedhas_altar_decomposition
D:7:      gammafunk_temple_overflow_elements, basic_altar,
          serial_co_window_serial, co_window_paths_a, co_window_paths_b,
          co_window_of_opportunity_a, co_window_cross_1,
          co_window_of_opportunity_a, co_window_corner_b, co_window_corner_b,
          co_window_cross_3, co_window_broadway_a, co_window_broadway_c,
          co_window_paths_c, uniq_pikel
Temple:   eino_temple_rhombus

Skill      XL: |  1  2  3  4  5  6  7  8 |
---------------+-------------------------+-----
Maces & Flails | 3 4 5 6 7 |  7.0
Fighting       | 3 4 |  4.2
Throwing       | 1 2 |  2.3
Dodging        | 3 4 |  4.4
Stealth        | |  0.8

Action                   |  1- 3 |  4- 6 |  7- 9 || total
-------------------------+-------+-------+-------++-------
Melee: Mace              |    66 |       |     4 ||    70
       Giant spiked club |       |   150 |   191 ||   341
Throw: Stone             |       |    49 |    16 ||    65
       Tomahawk          |       |       |    13 ||    13
Invok: Berserk           |     1 |     2 |     3 ||     6
  Use: Potion            |       |       |     2 ||     2
 Stab: Sleeping          |       |       |     1 ||     1
  Eat: Chunk             |     7 |    14 |    18 ||    39
       Ration            |     2 |     1 |       ||     3
Armor: Animal skin       |    26 |    61 |    69 ||   156
Dodge: Dodged            |    28 |   102 |   139 ||   269

Table legend:
 A = Spawn XP
 B = Non-spawn XP
 C = Spawn XP percentage of total XP
 D = Spawn monster count
 E = Non-spawn monster count
 F = Spawn count percentage of total count
 G = Total turns spent on level
                    A         B        C        D         E        F      G
               +---------+---------+-------+---------+---------+-------+---------
         Total |       0 |    1811 |   0.0 |       0 |      75 |   0.0 |  4661
               +---------+---------+-------+---------+---------+-------+---------
           D:1 |       0 |      15 |   0.0 |       0 |       6 |   0.0 |   529
           D:2 |       0 |       6 |   0.0 |       0 |       5 |   0.0 |   720
           D:3 |       0 |      20 |   0.0 |       0 |      11 |   0.0 |   480
           D:4 |       0 |     609 |   0.0 |       0 |      18 |   0.0 |  1128
           D:5 |       0 |     685 |   0.0 |       0 |      23 |   0.0 |  1158
           D:6 |       0 |     253 |   0.0 |       0 |      11 |   0.0 |   404
           D:7 |       0 |     223 |   0.0 |       0 |       1 |   0.0 |    86
               +---------+---------+-------+---------+---------+-------+---------
